 Dungeon Crawl Stone Soup version 0.27-a0-1177-g245c70e1c0 (webtiles) character file.

Game seed: 16066470147900164936

56 dio423 the Skirmisher (level 3, 0/29 HPs)
             Began as a Demonspawn Abyssal Knight on May 16, 2021.
             Was a Follower of Lugonu.
             Slain by an adder (1 damage)
             ... on level 2 of the Dungeon.
             The game lasted 00:04:48 (1265 turns).

dio423 the Skirmisher (Demonspawn Abyssal Knight)   Turns: 1265, Time: 00:04:50

Health: 0/29       AC: 13    Str: 13    XL:     3   Next: 71%
Magic:  4/4        EV:  4    Int: 13    God:    Lugonu [*.....]
Gold:   37         SH:  0    Dex: 12    Spells: 2/2 levels left

rFire    . . .     SeeInvis .   a - +1 falchion (vorpal)
rCold    . . .     Faith    .   (no shield)
rNeg     . . .     Spirit   .   g - +0 plate armour
rPois    .         Reflect  .   (no helmet)
rElec    .         Harm     .   (no cloak)
rCorr    .         Rampage  .   (no gloves)
Will     .....                  (no boots)
Stlth    ..........             (no amulet)
HPRegen  0.09/turn              c - +4 ring of evasion
MPRegen  0.09/turn              (no ring)

@: lethally poisoned (0 -> -2), about to teleport, constricted
A: claws 1, thin metallic scales 1
a: Renounce Religion, Depart the Abyss


You were on level 2 of the Dungeon.
You worshipped Lugonu.
Lugonu was aware of your devotion.
You visited 1 branch of the dungeon, and saw 2 of its levels.
You visited the Abyss 1 time.

You collected 37 gold pieces.

Inventory:

Hand Weapons
 a - a +1 vorpal falchion (weapon)
Armour
 b - a +0 leather armour
 g - a +0 plate armour (worn)
Jewellery
 c - a +4 ring of evasion (left claw)


   Skills:
 - Level 3.2 Fighting
 + Level 2.6 Long Blades
 + Level 2.4 Armour
 * Level 1.6 Dodging
 + Level 0.1 Stealth
 - Level 2.4 Invocations


You had 2 spell levels left.
You didn't know any spells.
Your spell library was empty.

Dungeon Overview and Level Annotations

Branches:
Dungeon (2/15)

Altars:


Innate Abilities, Weirdness & Mutations

You have sharp fingernails.
You are partially covered in thin metallic scales. (AC +2)


Message History

The adder is almost dead.
The ball python hisses angrily.
The adder bites you but does no damage. The kobold closely misses you.
You closely miss the adder.
The adder is almost dead.
The adder bites you but does no damage. The kobold hits you but does no damage.
The adder bites you but does no damage.
Your plate armour prevents you from hitting the adder.
The adder is almost dead.
The adder bites you.
* * * LOW HITPOINT WARNING * * *
You are lethally poisoned!
The adder poisons you! The kobold hits you but does no damage.
You barely miss the adder.
The adder is almost dead.
* * * LOW HITPOINT WARNING * * *
You feel sick. The adder bites you but does no damage.
The kobold hits you but does no damage. The adder bites you but does no damage.
You closely miss the adder.
The adder is almost dead.
* * * LOW HITPOINT WARNING * * *
You feel sick. The kobold hits you but does no damage.
The adder closely misses you.
The ball python bites you but does no damage.
The ball python grabs you. The ball python constricts you.
As you read the scroll labelled VEHAAMA SIBU, it crumbles to dust.
You feel strangely unstable.
It was a scroll of teleportation.
* * * LOW HITPOINT WARNING * * *
You feel sick. The adder bites you but does no damage.
The kobold hits you but does no damage.
The ball python bites you but does no damage.
The ball python constricts you.
You barely miss the ball python.
* * * LOW HITPOINT WARNING * * *
You feel sick. The adder bites you but does no damage.
The kobold barely misses you.
You riposte.
You hit the kobold.
The kobold is severely wounded.
The ball python bites you but does no damage.
The ball python constricts you. The adder bites you.
You die...

..# #.# #.# ...
... ... # #.# ##
..# # #.#.# .....
.#..#.#.###.#.#.
.......S@S...... .
.##.###K###.##...#
#))...K.......
#.#.###......#
#.#.# ....... #
#.#.# .....#.
###.#.#.# .....#
#....<#.# .....#
....#.#.#.# .....#


You could see an adder, a ball python and a kobold.

Vanquished Creatures
  2 gnolls (D:2)
  A dart slug (D:1)
  4 ball pythons
  2 bats (D:1)
  An endoplasm (D:1)
  A giant cockroach (D:1)
  4 goblins (D:1)
  A hobgoblin (D:1)
  3 jackals (D:1)
  3 quokkas (D:1)
  2 frilled lizards (D:1)
  2 rats (D:1)
26 creatures vanquished.

Vanquished Creatures (collateral kills)
  A gnoll (D:2)
1 creature vanquished.

Vanquished Creatures (others)
  2 withered plants (D:2)
2 creatures vanquished.

Grand Total: 29 creatures vanquished

Notes
Turn   | Place    | Note
-------+----------+-------------------------------------------
     0 | Abyss:1  | dio423 the Demonspawn Abyssal Knight began the quest for
                  | the Orb.
     0 | Abyss:1  | Reached XP level 1. HP: 18/18 MP: 2/2
    72 | D:1      | Escaped the Abyss
   172 | D:1      | Reached skill level 1 in Dodging
   480 | D:1      | Gained mutation: You are partially covered in thin metallic
                  | scales. (AC +2) [demonic ancestry]
   480 | D:1      | Reached XP level 2. HP: 24/24 MP: 3/3
   532 | D:1      | Reached * piety under Lugonu
  1167 | D:1      | Gained mutation: You have sharp fingernails. [demonic
                  | ancestry]
  1167 | D:1      | Reached XP level 3. HP: 28/29 MP: 4/4
  1264 | D:2      | HP: 1/29 [poisoned by an adder]
  1265 | D:2      | Slain by an adder

Illustrated notes

Levels and vault maps discovered:
D:1:      amcnicky_arrival_wind_blow, layout_basic, serial_forest,
          infiniplex_forest_clump_tiny, infiniplex_forest_clump_tiny,
          infiniplex_forest_clump_curved, infiniplex_forest_lined_4_way,
          infiniplex_forest_lined_room_2, infiniplex_forest_lined_1,
          infiniplex_forest_side_room
D:2:      layout_basic, ebering_ecumenical_altar_petrified, basic_altar,
          serial_shops, nicolae_shop_waterfront

Skill      XL: |  1  2 |
---------------+-------+-----
Dodging        | 1 |  1.6
Armour         | 2 |  2.4
Long Blades    | 2 |  2.6
Fighting       | |  3.2
Stealth        | |  0.1
Invocations    | |  2.4

Action                   || total
-------------------------++-------
Melee: Falchion          ||    95
Invok: Depart the Abyss  ||     1
  Use: Scroll            ||     4
       Potion            ||     1
Armor: Leather armour    ||     8
       Plate armour      ||    75
       Skin              ||    16
Dodge: Dodged            ||    67
       Rpst.: Falchion   ||    21

Table legend: (Time is in decaauts)
 A = Elapsed time spent in this place.
 B = Non-inter-level travel time spent in this place.
 C = Inter-level travel time spent in this place.
 D = Time resting spent in this place.
 E = Time spent auto-exploring this place.
 F = Levels seen in this place.
 G = Mean time per level.
                   A        B        C        D        E       F      G
               +--------+--------+--------+--------+--------+-----+--------+
         Total |   1281 |   1281 |      0 |     10 |    824 |   4 |  320.2 |
       Dungeon |   1210 |   1210 |      0 |     10 |    773 |   2 |  605.0 |
         Abyss |     71 |     71 |      0 |      0 |     51 |   2 |   35.5 |
               +--------+--------+--------+--------+--------+-----+--------+

Top non-repeatable levels by time:
     D:1: 1122 daAuts
     D:2: 88 daAuts
 Abyss:1: 39 daAuts
 Abyss:2: 32 daAuts
